 Dungeon Crawl Stone Soup version 0.26.1-2-gb8aa6d0cf2 (console) character file.

Game seed: 15575284492308491082

62 axecop the Sneak (level 4, -2/36 HPs)
             Began as a Naga Hedge Wizard on Mar 24, 2021.
             Slain by an orc
             ... wielding a +0 club
              (3 damage)
             ... on level 3 of the Dungeon.
             The game lasted 00:02:42 (2438 turns).

axecop the Sneak (Naga Hedge Wizard)                Turns: 2438, Time: 00:02:42

Health: -2/36      AC:  3    Str: 13    XL:     4   Next: 8%
Magic:  0/9        EV: 10    Int: 15    God:
Gold:   86         SH:  0    Dex: 10    Spells: 1/9 levels left

rFire    . . .     SeeInvis +   a - +0 rapier
rCold    . . .     Faith    .   (no shield)
rNeg     . . .     Spirit   .   j - +0 robe
rPois    +         Reflect  .   c - +1 hat
rElec    .         Harm     .   (no cloak)
rCorr    .         Rampage  .   (no gloves)
Will     .....                  (no barding)
Stlth    ++........             g - amulet of the acrobat
HPRegen  0.12/turn              (no ring)
MPRegen  0.11/turn              (no ring)

@: very slightly contaminated, very slow
A: large, see invisible, deformed body, deterioration 1, poison resistance,
slowness 2, spit poison 1, MP-powered wands, AC +1
a: Spit Poison


You were on level 3 of the Dungeon.
You visited 1 branch of the dungeon, and saw 3 of its levels.

You collected 86 gold pieces.

Inventory:

Hand Weapons
 a - a +0 rapier (weapon)
 b - a +0 dagger
 f - a +0 hunting sling
Armour
 c - a +1 hat (worn)
 j - a +0 robe (worn)
Jewellery
 g - an amulet of the acrobat (around neck)
Scrolls
 d - 2 scrolls of identify
 h - 2 scrolls of remove curse
 o - a scroll of teleportation
Potions
 e - 2 potions of curing
 i - 2 potions of haste
 l - a potion of might {unknown}
 m - 2 potions of brilliance {unknown}
 n - a potion of heal wounds {unknown}


   Skills:
 - Level 1.5 Dodging
 + Level 4.2 Stealth
 + Level 3.4 Spellcasting
 * Level 2.7 Conjurations
 - Level 1.0 Summonings
 - Level 1.0 Translocations


You had one spell level left.
You knew the following spells:

 Your Spells              Type           Power        Failure   Level
a - Magic Dart            Conj           40%          6%          1
b - Call Imp              Summ           5%           19%         2
c - Blink                 Tloc           N/A          19%         2
d - Mephitic Cloud        Conj/Pois/Air  5%           36%         3

Your spell library contained the following spells:

 Spells                   Type           Power        Failure   Level
 Slow                     Hex            2%           28%         2
 Conjure Flame            Conj/Fire      6%           32%         3


Dungeon Overview and Level Annotations

Branches:
Dungeon (3/15)

Altars:


Innate Abilities, Weirdness & Mutations

You cannot wear boots.
Your serpentine skin is tough. (AC +1)
You have supernaturally acute eyesight. (SInv)
Armour fits poorly on your strangely shaped body.
Your system is resistant to poisons. (rPois)
You cover ground very slowly.
You can spit poison.
Your body sometimes deteriorates upon taking damage.
You expend magic power (3 MP) to strengthen your wands.


Message History

You feel better. The orc priest hits you.
Your crimson imp hits the orc but does no damage.
The orc hits you with a +0 club.
Really quaff the potion of mutation? [Y]es or [N]o only, please.
Really quaff the potion of mutation? [Y]es or [N]o only, please.
Really quaff the potion of mutation?
You feel extremely strange.
You feel yourself wasting away.
You feel your magical essence link to the dungeon's wands.
The orc priest hits you.
* * * LOW HITPOINT WARNING * * *
Your crimson imp barely misses the orc.
Unknown command.
You barely miss the orc priest. The orc hits you but does no damage.
The orc priest hits you.
* * * LOW HITPOINT WARNING * * *
Your crimson imp closely misses the orc.
The orc hits you with a +0 club.
You die...

#.# .# #.# #.## #.#
####..#####.# #.........#.#
#.........#.# #.........#.#
#.).......#.# #...o.....#.#
#...o@....#)# ######
######...5....$#.####....#
#....!.......###.........#
#............###.........+
#.............##.........#
#...........#.##.........#
............(.#..#.####....#
###...........+.......+....#
#$..........##.#.####....##
#.......$..................


You could see an orc priest, an orc and a friendly crimson imp (summoned).

Vanquished Creatures
  2 adders (D:2)
  A leopard gecko (D:1)
  An orc (D:3)
  5 bats
  3 giant cockroaches
  5 goblins
  3 hobgoblins
  5 kobolds
  A quokka (D:3)
  3 frilled lizards
  3 rats
32 creatures vanquished.

Vanquished Creatures (collateral kills)
  An adder (D:2)
1 creature vanquished.

Grand Total: 33 creatures vanquished

Notes
Turn   | Place    | Note
-------+----------+-------------------------------------------
     0 | D:1      | axecop the Naga Hedge Wizard began the quest for the Orb.
     0 | D:1      | Reached XP level 1. HP: 15/15 MP: 4/4
   141 | D:1      | Reached XP level 2. HP: 5/22 MP: 0/6
   944 | D:1      | You fall into a shaft and drop 1 floor!
   966 | D:2      | Reached XP level 3. HP: 21/28 MP: 2/7
   969 | D:2      | Learned a level 2 spell: Call Imp
   972 | D:2      | Learned a level 2 spell: Blink
   976 | D:2      | Learned a level 3 spell: Mephitic Cloud
  1737 | D:2      | Reached skill level 4 in Stealth
  2269 | D:3      | Reached XP level 4. HP: 36/36 MP: 9/9
  2437 | D:3      | Gained mutation: Your body sometimes deteriorates upon
                  | taking damage. [potion of mutation]
  2437 | D:3      | Gained mutation: You expend magic power (3 MP) to
                  | strengthen your wands. [potion of mutation]
  2438 | D:3      | HP: 1/36 [orc priest (6)]
  2438 | D:3      | Slain by an orc

Illustrated notes

Levels and vault maps discovered:
D:1:      dpeg_arrival_simpleton_b, layout_basic
D:2:      minmay_alternating_diamond, layout_basic
D:3:      layout_basic

Skill      XL: |  1  2  3 |
---------------+----------+-----
Conjurations   | 2 |  2.7
Stealth        | 4 |  4.2
Dodging        | |  1.5
Spellcasting   | |  3.4
Summonings     | |  1.0
Translocations | |  1.0

Action                   |  1- 3 |  4- 6 || total
-------------------------+-------+-------++-------
Melee: Dagger            |    72 |       ||    72
       Rapier            |       |     9 ||     9
 Cast: Magic Dart        |    15 |       ||    15
       Call Imp          |     1 |     1 ||     2
       Blink             |       |     1 ||     1
 Abil: Spit Poison       |    14 |     2 ||    16
  Use: Scroll            |     9 |       ||     9
       Potion            |       |     2 ||     2
 Stab: Sleeping          |     4 |       ||     4
Armor: Robe              |    20 |     2 ||    22
Dodge: Dodged            |    53 |    14 ||    67
